 Dungeon Crawl Stone Soup version 0.30-a0-808-g6e0788376e (webtiles) character file.

Game seed: 16275501998677495186

9763 demibob the Spear-Bearer (level 11, 0/87 HPs)
             Began as a Merfolk Gladiator on Feb 26, 2023.
             Was an Initiate of Gozag.
             Slain by a reaper
             ... wielding a +0 scythe of freezing
              (31 damage)
             ... in an ice cave.
             The game lasted 00:18:20 (9761 turns).

demibob the Spear-Bearer (Merfolk Gladiator)        Turns: 9761, Time: 00:18:21

Health: 0/87       AC: 20    Str: 16    XL:     11   Next: 51%
Magic:  0/11       EV: 23    Int:  8    God:    Gozag
Gold:   1292       SH:  0    Dex: 18    Spells: 10/10 levels left

rFire   . . .      SeeInvis .    a - +8 lance "Wyrmbane" {slay drac, rPois rF+ rC+ AC+3}
rCold   + + .      Faith    .    (no shield)
rNeg    . . .      Spirit   +    g - quicksilver dragon scales
rPois   +          Reflect  .    c - +1 helmet
rElec   .          Harm     .    p - +0 cloak
rCorr   .          Rampage  .    k - +0 pair of gloves
Will    +....                    v - +0 pair of boots
Stlth   +                        b - amulet of guardian spirit
HPRegen 0.34/turn                E - +5 ring of evasion
MPRegen 0.12/turn                C - ring of ice

@: mighty, invisible
A: (nimble swimmer 2), mertail
a: Renounce Religion, Potion Petition, Call Merchant, Bribe Branch


You were in an ice cave.
You worshipped Gozag.
Gozag was most pleased with you.
You visited 3 branches of the dungeon, and saw 13 of its levels.
You also visited: Sewer and Ice Cave.

You collected 2156 gold pieces.
You spent 808 gold pieces at shops.
You paid 56 gold pieces to Gozag.


Innate Abilities, Weirdness & Mutations

((You are very nimble when in or above water. (Stealth+, EV+, Speed+++)))
Your lower body shifts to a powerful aquatic tail in water.


   Skills:
 - Level 8.4 Fighting
 - Level 13.5 Polearms
 - Level 2.0 Throwing
 - Level 6.7 Armour
 - Level 12.3 Dodging
 + Level 1.4 Shields


You had 10 spell levels left.
You didn't know any spells.
Your spell library contained the following spells:

 Spells                   Type           Power      Damage    Failure   Level
 Magic Dart               Conj           0%         1d3       58%         1
 Sandblast                Erth           0%         2d4       58%         1
 Passwall                 Tmut/Erth      0%         N/A       75%         2
 Searing Ray              Conj           0%         2d4       75%         2
 Frozen Ramparts          Ice            0%         1d1       92%         3
 Stone Arrow              Conj/Erth      0%         3d7       92%         3
 Fulminant Prism          Conj/Hex       0%         3d5       100%        4
 Ice Form                 Ice/Tmut       0%         N/A       100%        4
 Summon Ice Beast         Ice/Summ       0%         N/A       100%        4

Inventory:

Hand Weapons
 a - the +8 lance "Wyrmbane" (weapon) {slay drac, rPois rF+ rC+ AC+3}
   (You bought it in a shop on level 5 of the Dungeon)

   AC:        It affects your AC (+3).
   rF:        It protects you from fire.
   rC:        It protects you from cold.
   rPois:     It protects you from poison.
 u - a +1 vampiric halberd
Armour
 c - a +1 helmet (worn)
 g - quicksilver dragon scales (worn)
 k - a +0 pair of gloves (worn)
 p - a +0 cloak (worn)
 s - a +2 kite shield of cold resistance
 v - a +0 pair of boots (worn)
Jewellery
 b - an amulet of guardian spirit (around neck)
 d - a +6 ring of dexterity
 C - a ring of ice (right hand)
 E - a +5 ring of evasion (left hand)
 I - a +6 ring of intelligence
 N - a ring of positive energy
Wands
 f - a wand of flame (11)
 l - a wand of iceblast (11)
 o - a wand of mindburst (20)
Scrolls
 i - 6 scrolls of identify {@r1}
 j - a scroll of amnesia
 m - 2 scrolls of enchant armour
 y - 3 scrolls of poison
 B - a scroll of fog
Potions
 e - 2 potions of degeneration {unknown}
 h - 2 potions of mutation
 q - a potion of curing {@q1}
 r - a potion of ambrosia
 w - 2 potions of flight
 x - a potion of brilliance

Dungeon Overview and Level Annotations

Branches:
Dungeon (11/15)            Temple (1/1) D:4            Lair (1/5) D:9
  Sewer (visited)           IceCv (1/1)
    Orc: D:9-12

Altars:
Ashenzari
Cheibriados
Elyvilon
Fedhas
Gozag
Hepliaklqana
Makhleb
Qazlal
Ru
Uskayaw
Vehumet
Wu Jian
Xom
Yredelemnul
Zin
The Shining One

Shops:
D:5 ( D:7

( #..#####
#..# ##.#
#.####.####.##
##..#
#..##...#
#..###..##
##.##.⌠.#
##..#...#
#......#
#.....##
##..#.##
##....#
#####.##
##...# ##.##.#
#..## #2$#@##
#.##
#...Z..#2##
##. :$#Z45Z#.#
# $#..Z####
##.# ##


You could see a reaper.


Message History

The reaper freezes you.
* * * LOW HITPOINT WARNING * * *
You barely miss the reaper.
The reaper is severely wounded.
You closely miss the reaper.
The reaper is severely wounded.
The reaper hits you but does no damage.
You closely miss the reaper.
The reaper is severely wounded.
You impale the reaper!!
The reaper is almost dead.
The reaper hits you with a +0 scythe of freezing!!
* * * LOW HITPOINT WARNING * * *
The reaper freezes you.
* * * LOW HITPOINT WARNING * * *
You feel much better. The reaper completely misses you.
You feel much better.
The reaper hits you with a +0 scythe of freezing!!
* * * LOW HITPOINT WARNING * * *
Press: ? - help, v - describe, . - travel, g - get item
Here: a reaper, wielding a +0 scythe of freezing (almost dead) Item here: 9 gold pieces.
The floor, spattered with blood.
You closely miss the reaper.
The reaper is almost dead.
You hit the reaper but do no damage.
The reaper is almost dead.
The reaper hits you with a +0 scythe of freezing!!
You die...
Your body crumbles into a pile of gold.

Skill      XL: |  1  2  3  4  5  6  7  8  9 10 11 |
---------------+----------------------------------+-----
Polearms       | 5 6 7 8 10 11 12 13 | 13.5
Armour         | 2 4 6 |  6.7
Dodging        | 6 10 12 | 12.3
Fighting       | 6 8 |  8.4
Shields        | 1 |  1.4
Throwing       | |  2.0

Action                     |  1- 3 |  4- 6 |  7- 9 | 10-12 || total
---------------------------+-------+-------+-------+-------++-------
  Melee: Trident           |   118 |   192 |   276 |       ||   586
         Tailslap          |       |     4 |       |       ||     4
         Punch             |       |     1 |     3 |     9 ||    13
         Halberd           |       |       |    96 |       ||    96
         Lance             |       |       |    91 |   376 ||   467
  Evoke: Wand              |       |       |     4 |     2 ||     6
    Use: Scroll            |     4 |     4 |     7 |     7 ||    22
         Potion            |       |     4 |     1 |     5 ||    10
   Stab: Sleeping          |     3 |    11 |       |       ||    14
         Distracted        |       |     1 |     5 |       ||     6
         Invisible         |       |       |       |     1 ||     1
 Armour: Leather armour    |    25 |    29 |       |       ||    54
         Skin              |       |    19 |       |       ||    19
         Quicksilver drago |       |     2 |    76 |    31 ||   109
  Dodge: Dodged            |    69 |    96 |   192 |   151 ||   508

Levels and vault maps discovered:
D:1:      lightli_arrival_statuegarden, layout_basic
D:2:      layout_loops_cross, basic_altar, minmay_fountain_box
D:3:      layout_basic, shapermc_ecumenical_altar_mp_highgroup, minivault_5,
          minmay_misc_feat_roman, minmay_misc_feat_nine_boxes
D:4:      layout_loops_corners, temple_statues, gup_sewer_entry_bowl,
          hangedman_decor_diamond_cutter
D:5:      layout_loops_ring, grunt_temple_overflow_open, serial_shops,
          nicolae_shop_bloodbath_and_beyond, kennysheep_generic_room_3
D:6:      layout_basic, uniq_eustachio
D:7:      layout_rooms, serial_shops, shop, roderic_serpentine_path,
          grunt_ogre_cave, uniq_menkaure
D:8:      layout_rooms
D:9:      layout_basic, mainiacjoe_overflow_big_doors, lair_entry_dummy,
          ebering_ghost_disaster_area
D:10:     layout_small_grid, kennysheep_doodads, uniq_harold, uniq_erolcha
D:11:     layout_cross, trove_entry_hex_spiral, serial_park,
          serial_park_square2, serial_park_avenue1, serial_park_tiny_1,
          serial_park_square1 [serial_park_minivault_5x5_1]
Temple:   nicolae_temple_great_sept
Lair:1:   dragon1_lemuel, layout_regular_city, portal_ice_cave_entry_pillars_1,
          grunt_forest_large_clearing_hut
IceCv:    ice_cave_caverns_01

Notes
Turn   | Place    | Note
-------+----------+-------------------------------------------
     0 | D:1      | demibob the Merfolk Gladiator began the quest for the Orb.
     0 | D:1      | Reached XP level 1. HP: 16/16 MP: 1/1
   193 | D:1      | Reached XP level 2. HP: 22/22 MP: 2/2
   209 | D:1      | HP: 2/22 [endoplasm (1)]
   345 | D:1      | Reached skill level 5 in Polearms
   591 | D:1      | Reached XP level 3. HP: 27/27 MP: 3/3
   777 | D:2      | Reached skill level 6 in Polearms
   895 | D:2      | Found a glowing silver altar of Zin.
   945 | D:2      | Reached XP level 4. HP: 33/33 MP: 4/4
  1469 | D:3      | Found a faded altar of an unknown god.
  1775 | D:3      | Reached skill level 7 in Polearms
  2404 | D:4      | Found a glowing drain.
  2408 | Sewer    | Entered a sewer
  2455 | Sewer    | Reached XP level 5. HP: 38/38 MP: 5/5
  2463 | Sewer    | Noticed Pargi
  2493 | Sewer    | Killed Pargi
  2494 | Sewer    | Reached skill level 8 in Polearms
  2532 | Sewer    | Reached XP level 6. HP: 44/44 MP: 6/6
  2720 | D:4      | Found a staircase to the Ecumenical Temple.
  2745 | Temple   | Entered the Ecumenical Temple
  2783 | Temple   | Became a worshipper of Gozag Ym Sagoz the Greedy
  2877 | D:4      | Reached skill level 9 in Polearms
  3318 | D:4      | Reached skill level 10 in Polearms
  3318 | D:4      | Reached XP level 7. HP: 50/50 MP: 7/7
  3861 | D:5      | Entered Level 5 of the Dungeon
  3866 | D:5      | Reached skill level 1 in Armour
  3890 | D:5      | Found Qutuklio's Weapon Boutique.
  4280 | D:5      | Reached skill level 2 in Armour
  4486 | D:5      | Reached skill level 11 in Polearms
  4622 | D:5      | Reached XP level 8. HP: 55/56 MP: 8/8
  4679 | D:5      | Found a stormy altar of Qazlal.
  4679 | D:5      | Found a blossoming altar of Fedhas.
  4680 | D:5      | Found a hide-covered altar of Uskayaw.
  4683 | D:5      | Found a glowing silver altar of Zin.
  4683 | D:5      | Found a shimmering altar of Xom.
  4684 | D:5      | Found a sacrificial altar of Ru.
  4705 | D:5      | Reached skill level 3 in Armour
  5025 | D:6      | Reached skill level 12 in Polearms
  5046 | D:6      | Reached skill level 4 in Armour
  5248 | D:6      | Reached XP level 9. HP: 61/61 MP: 9/9
  5325 | D:6      | Reached skill level 13 in Polearms
  5397 | D:6      | Reached skill level 5 in Armour
  5550 | D:6      | Noticed Eustachio
  5614 | D:6      | Killed Eustachio
  5802 | D:5      | Bought the +8 lance "Wyrmbane" {slay drac, rPois rF+ rC+
                  | AC+3} for 808 gold pieces
  5802 | D:5      | Found the +8 lance "Wyrmbane" {slay drac, rPois rF+ rC+
                  | AC+3}
  5897 | D:7      | Found Rediulin's Weapon Shop.
  5981 | D:7      | Reached skill level 5 in Dodging
  5991 | D:7      | Noticed Menkaure
  6018 | D:7      | Killed Menkaure
  6096 | D:7      | Reached skill level 6 in Armour
  6116 | D:7      | Reached skill level 6 in Dodging
  6450 | D:7      | Reached XP level 10. HP: 67/67 MP: 10/10
  6904 | D:8      | Reached skill level 7 in Dodging
  7502 | D:9      | Reached skill level 8 in Dodging
  7687 | D:9      | Reached skill level 3 in Fighting
  7723 | D:9      | Reached skill level 4 in Fighting
  7730 | D:9      | Reached skill level 9 in Dodging
  7770 | D:9      | Found a staircase to the Lair.
  7802 | D:9      | Noticed Nabski's ghost (novice TeFE)
  7803 | D:9      | Found a large runed translucent door.
  7805 | D:9      | Found a large runed translucent door.
  7874 | D:9      | Reached skill level 5 in Fighting
  7924 | D:9      | You fall into a shaft and drop 2 floors!
  8104 | D:11     | Noticed a two-headed ogre
  8115 | D:11     | Killed a two-headed ogre
  8116 | D:11     | Reached skill level 6 in Fighting
  8116 | D:11     | Reached skill level 10 in Dodging
  8116 | D:11     | Noticed a two-headed ogre
  8133 | D:11     | Killed a two-headed ogre
  8134 | D:11     | Reached XP level 11. HP: 47/83 MP: 7/11
  8155 | D:10     | Entered Level 10 of the Dungeon
  8164 | D:10     | Reached skill level 11 in Dodging
  8177 | D:10     | Reached skill level 7 in Fighting
  8336 | D:9      | Found a broken altar of Ashenzari.
  8342 | D:9      | Found a radiant altar of Vehumet.
  8727 | D:9      | Killed Nabski's ghost
  8778 | D:9      | Identified the amulet of Lady Luck {Faith Rampage rElec
                  | Will- Dex+3}
  8821 | Lair:1   | Entered Level 1 of the Lair of Beasts
  8832 | Lair:1   | Found a frozen archway.
  8857 | IceCv    | Entered an ice cave
  9518 | IceCv    | Reached skill level 8 in Fighting
  9603 | IceCv    | Reached skill level 12 in Dodging
  9711 | IceCv    | Noticed a white ugly thing
  9720 | IceCv    | Killed a white ugly thing
  9738 | IceCv    | Noticed a reaper
  9748 | IceCv    | Reached skill level 1 in Shields
  9757 | IceCv    | HP: 8/87 [reaper/+0 scythe of freezing (4)]
  9761 | IceCv    | Slain by a reaper

Vanquished Creatures
  2 two-headed ogres (D:11)
  The ghost of Nabski the Arsonist, a novice TeFE of Vehumet (D:9)
  An ugly thing (IceCv)
  An ice statue (IceCv)
  3 anaconda simulacra (IceCv)
  A troll (D:9)
  A wyvern (D:10)
  A shadow (D:11)
  A vampire (D:10)
  Eustachio (D:6)
  6 yaks (D:9)
  A steam dragon (D:7)
  A death yak simulacrum (IceCv)
  Menkaure (D:7)
  An acid dragon (D:11)
  2 water moccasins
  Pargi (Sewer)
  3 orc warriors
  A sky beast (D:7)
  2 black bears
  3 ogres
  A phantom (D:5)
  3 kobold brigands
  2 bullfrogs
  A gnoll sergeant (D:6)
  3 two-headed ogre simulacra (IceCv)
  2 necrophages
  2 scorpions
  10 wights (D:6)
  A cane toad simulacrum (IceCv)
  An elephant simulacrum (IceCv)
  6 killer bees (D:9)
  3 howler monkeys
  6 hounds
  7 orc priests
  2 gnoll boudas
  4 iguanas
  14 orc wizards
  2 polar bear simulacra (IceCv)
  4 spriggan simulacra (IceCv)
  5 troll simulacra (IceCv)
  A wolf simulacrum (IceCv)
  16 gnolls
  7 naga simulacra (IceCv)
  6 adders
  A shadow imp (D:7)
  6 white imps
  7 ufetubi
  3 worms
  A dart slug (D:4)
  42 orcs
  6 ball pythons
  4 bats
  3 endoplasms
  7 giant cockroaches
  9 goblins
  10 hobgoblins
  4 quokkas
  3 frilled lizards
  21 kobolds
  11 rats
282 creatures vanquished.

Table legend: (Time is in decaauts)
 A = Elapsed time spent in this place.
 B = Non-inter-level travel time spent in this place.
 C = Inter-level travel time spent in this place.
 D = Time resting spent in this place.
 E = Time spent auto-exploring this place.
 F = Levels seen in this place.
 G = Mean time per level.
                   A        B        C        D        E       F      G
               +--------+--------+--------+--------+--------+-----+--------+
         Total |   9429 |   9121 |    308 |   1400 |   5728 |  15 |  628.6 |
       Dungeon |   8382 |   8086 |    296 |    976 |   5500 |  11 |  762.0 |
        Temple |     49 |     38 |     11 |      0 |     29 |   1 |   49.0 |
          Lair |     34 |     34 |      0 |      0 |      9 |   1 |   34.0 |
         Sewer |    138 |    138 |      0 |      0 |     67 |   1 |  138.0 |
      Ice Cave |    823 |    823 |      0 |    424 |    122 |   1 |  823.0 |
               +--------+--------+--------+--------+--------+-----+--------+

Top non-repeatable levels by time:
     D:4: 1272 daAuts
     D:9: 1056 daAuts
     D:3: 1041 daAuts
     D:5: 994 daAuts
     D:6: 951 daAuts
     D:7: 938 daAuts
   IceCv: 823 daAuts
     D:1: 669 daAuts
     D:2: 656 daAuts
     D:8: 567 daAuts
    D:11: 208 daAuts
   Sewer: 138 daAuts
  Temple: 49 daAuts
  Lair:1: 34 daAuts
    D:10: 25 daAuts

Table legend:
 A = Non-vault XP
 B = Vault XP
 C = Vault XP percentage of total XP
 D = Non-vault monster count
 E = Vault monster count
 F = Vault count percentage of total count
                 A         B        C        D         E       F
            +---------+---------+-------+---------+---------+-------
      Total |    9584 |    4364 |  31.3 |     226 |      56 |  19.9
            +---------+---------+-------+---------+---------+-------
        D:1 |      50 |       0 |   0.0 |      23 |       0 |   0.0
        D:2 |      42 |       0 |   0.0 |      19 |       0 |   0.0
        D:3 |      54 |       0 |   0.0 |      16 |       0 |   0.0
        D:4 |     369 |       8 |   2.1 |      22 |       3 |  12.0
        D:5 |     814 |       0 |   0.0 |      32 |       0 |   0.0
        D:6 |    1750 |     203 |  10.4 |      33 |       1 |   2.9
        D:7 |     977 |     278 |  22.2 |      23 |       2 |   8.0
        D:8 |     650 |       0 |   0.0 |      27 |       0 |   0.0
        D:9 |    2311 |     580 |  20.1 |      20 |       1 |   4.8
       D:10 |     444 |       0 |   0.0 |       2 |       0 |   0.0
       D:11 |    2123 |       0 |   0.0 |       9 |       0 |   0.0
      Sewer |       0 |     161 | 100.0 |       0 |       9 | 100.0
      IceCv |       0 |    3134 | 100.0 |       0 |      40 | 100.0
            +---------+---------+-------+---------+---------+-------
